Map: 赛博森林-天梯版

Players

MeomaikA - Winner!

  • Race: Zerg Zerg
  • League: Bronze

Maru

  • Race: Terran Terran
  • League: Gold

Event: WESG 2018 Grand Finals

VOD

Have the link to the VOD?

Description

Time

  • Played on: March 11, 2019, 6:18 a.m.
  • Length: 10:21

All games in this series

Show
View Real Time Build Order
Export as new Build Order

MeomaikA Zerg - Winner!

Build Orders: Pool First, Zergling Baneling 

Get SALT Encoding   

  12  0:00  Drone  
  13  0:08  Drone  
  14  0:17  Overlord  
  14  0:28  Drone, Extractor  
  14  0:35  Drone x2  
  17  0:48  Spawning Pool  
  16  0:51  Drone  
  17  1:15  Hatchery, Drone  
  17  1:20  Drone  
  17  1:23  Extractor  
  16  1:35  Zergling x4  
  16  1:38  Queen  
  20  1:43  Drone  
  21  1:48  Drone  
  22  1:58  Roach Warren  
  21  2:02  Drone  
  22  2:10  Overlord  
  23  2:25  Metabolic Boost  
  23  2:26  Queen  
  23  2:27  Drone x2  
  27  2:31  Drone  
  28  2:38  Drone  
  28  2:41  Drone  
  30  2:46  Drone  
  30  2:49  Drone x2  
  33  2:52  Drone  
  33  2:55  Drone  
  35  3:00  Overlord  
  34  3:16  Hatchery  
  34  3:17  Zergling x2  
  34  3:19  Zergling x2  
  35  3:28  Baneling Nest, Zergling x2  
  35  3:30  Zergling x2  
  35  3:32  Zergling x2  
  37  3:39  Zergling x2  
  37  3:46  Zergling x2  
  37  3:48  Zergling x2  
  39  3:50  Zergling x2  
  39  3:51  Zergling x6  
  39  3:52  Zergling x2  
  39  3:54  Overlord  
  44  3:58  Overlord  
  44  4:12  Baneling x8  
  44  4:13  Overlord, Zergling x2  
  45  4:18  Zergling x2  
  46  4:25  Zergling x8  
  46  4:27  Zergling x2  
  46  4:30  Zergling x2  
  46  4:31  Zergling x2  
  48  4:38  Zergling x2  
  48  4:40  Zergling x2  
  49  4:47  Zergling x6  
  49  4:49  Zergling x4  
  49  4:52  Drone  
  55  4:57  Baneling  
  55  4:58  Baneling x3  
  53  5:00  Drone x3  
  54  5:10  Drone  
  54  5:12  Drone  
  53  5:15  Drone  
  53  5:20  Drone x2  
  51  5:22  Zergling x6  
  51  5:24  Zergling x2  
  51  5:29  Lair  
  51  5:33  Drone x2, Extractor  
  51  5:35  Drone  
  51  5:36  Drone  
  51  5:38  Drone x2  
  54  5:43  Drone  
  54  5:46  Zergling x4  
  54  5:48  Zergling x4  
  54  5:49  Zergling x2  
  60  5:54  Spore Crawler  
  60  5:55  Spore Crawler  
  58  5:58  Spore Crawler  
  58  5:59  Zergling x2  
  58  6:05  Baneling x5  
  58  6:07  Zergling x2  
  58  6:08  Zergling x2  
  60  6:11  Zergling x2  
  60  6:12  Zergling x4  
  60  6:13  Zergling x2  
  63  6:20  Zergling x6  
  65  6:29  Baneling x5  
  65  6:34  Overlord  
  65  6:35  Overlord  
  65  6:49  Overlord x2  
  65  6:51  Queen  
  67  7:00  Zergling x2  
  60  7:03  Zergling x2  
  60  7:04  Zergling x2  
  60  7:05  Zergling x4  
  60  7:07  Zergling x2  
  60  7:08  Zergling x14  
  70  7:09  Zergling x2  
  70  7:13  Zergling x2  
  70  7:14  Zergling x2  
  63  7:19  Zergling x2  
  63  7:20  Zergling x2  
  60  7:23  Zergling x2  
  55  7:30  Zergling x2  
  55  7:33  Zergling x2  
  45  7:45  Drone  
  45  7:51  Drone  
  45  7:52  Drone x2  
  45  7:56  Zergling x2  
  49  8:00  Zergling x2  
  49  8:03  Zergling x2  
  51  8:06  Zergling x2  
  51  8:11  Zergling x2  
  53  8:13  Zergling x2  
  53  8:15  Zergling x2  
  55  8:26  Drone  
  48  8:33  Zergling x2  
  45  8:40  Zergling x2  
  46  8:44  Zergling x2  
  46  8:47  Zergling x2  
  45  8:54  Zergling x2  
  45  8:55  Zergling x2  
  47  8:58  Zergling x2  
  47  9:00  Zergling x2  
  49  9:03  Zergling x2  
  49  9:06  Zergling x2  
  49  9:10  Zergling x2  
  49  9:14  Drone  
  48  9:17  Drone  
  48  9:22  Drone  
  47  9:25  Drone  
  47  9:29  Drone  
  47  9:36  Drone x2  
  49  9:38  Drone  
  49  9:42  Zergling x2  
  52  9:45  Zergling x2  
  52  9:49  Drone  
Show
View Real Time Build Order
Export as new Build Order

Maru Terran 

Build Orders: Gas First Reaper Expand, Liberator Opening 

Get SALT Encoding   

  12  0:00  SCV  
  13  0:13  SCV  
  14  0:17  Supply Depot  
  14  0:25  SCV  
  15  0:28  Refinery  
  15  0:38  SCV  
  16  0:44  Barracks  
  16  0:50  SCV  
  17  1:02  SCV  
  18  1:15  SCV  
  18  1:35  Orbital Command  
  18  1:37  Reaper  
  19  1:49  Command Center  
  19  2:01  SCV  
  19  2:04  Factory  
  20  2:10  Barracks Reactor  
  20  2:13  SCV  
  21  2:20  Supply Depot  
  21  2:25  SCV  
  21  2:28  Refinery  
  22  2:37  SCV  
  22  2:46  Marine x2  
  22  2:49  Starport  
  24  2:51  SCV  
  24  2:55  Factory Tech Lab  
  25  3:03  SCV  
  25  3:04  Marine x2  
  28  3:15  SCV  
  29  3:22  Marine x2  
  31  3:31  Medivac  
  31  3:32  SCV  
  31  3:33  Orbital Command  
  34  3:40  Marine x2  
  36  3:44  SCV  
  36  3:49  Liberator  
  36  3:51  Siege Tank  
  36  3:52  Supply Depot  
  39  3:56  SCV  
  39  4:00  SCV  
  41  4:03  Marine x2  
  46  4:14  SCV  
  46  4:15  Supply Depot, SCV  
  48  4:26  SCV  
  48  4:27  SCV  
  48  4:29  Stimpack, Marine  
  45  4:38  Barracks  
  45  4:40  SCV x2  
  42  4:48  Marine  
  44  4:52  SCV  
  44  4:53  SCV  
  44  5:04  SCV  
  44  5:05  Orbital Command  
  44  5:06  Marine  
  46  5:08  Supply Depot  
  43  5:24  Marine  
  43  5:26  Supply Depot  
  44  5:29  SCV  
  44  5:33  Marine x2  
  47  5:36  SCV  
  47  5:41  Medivac, Marine  
  51  5:44  SCV  
  51  5:46  Factory Tech Lab  
  52  5:52  Supply Depot  
  52  5:54  Marine  
  52  5:55  Marine  
  54  5:57  SCV  
  54  5:58  SCV  
  54  5:59  Marine  
  57  6:05  Siege Tank  
  57  6:09  Supply Depot  
  60  6:12  Marine  
  60  6:13  Marine  
  60  6:17  SCV  
  60  6:18  SCV  
  64  6:29  SCV  
  64  6:30  Marine x2  
  67  6:34  SCV  
  67  6:35  Supply Depot  
  67  6:37  Starport Reactor  
  67  6:38  Siege Tank  
  71  6:42  SCV  
  71  6:45  Engineering Bay  
  71  6:46  Engineering Bay  
  72  6:49  SCV  
  72  6:51  Marine  
  72  6:54  Marine, SCV  
  76  6:58  Marine  
  69  7:03  SCV  
  69  7:07  SCV  
  65  7:13  Marine  
  48  7:16  Marine  
  22  7:52  Orbital Command  
  22  7:57  Orbital Command  
  22  8:18  SCV  
  20  8:30  SCV x2  
  20  8:33  Marine x2  
  24  8:43  Orbital Command  
Tags
 
Add a new tag
Caveats
  • Supply blocks, unpowered buildings, or Contaminate may cause inaccurate times.
  • Supply counts are checked every 10 seconds.